 Dungeon Crawl Stone Soup version 0.18-a0-1789-gbeff17f (webtiles) character file.

109 vev the Magician (level 4, -4/30 HPs)
             Began as a Mummy Fire Elementalist on Apr 21, 2016.
             Slain by a gnoll
             ... wielding a +0 club
              (7 damage)
             ... on level 1 of the Dungeon.
             The game lasted 00:10:07 (1992 turns).

vev the Magician (Mummy Fire Elementalist)          Turns: 1992, Time: 00:10:08

Health: -4/30      AC:  4    Str: 11    XL:     4   Next: 59%
Magic:  1/9        EV: 11    Int: 15    God:
Gold:   52         SH:  0    Dex: 12    Spells: 3 memorised, 3 levels left

rFire  x . .     SeeInvis .     g - +1 dagger (venom)
rCold  + . .     Gourm    .     i - +1 leather armour {rPois}
rNeg   + + +     Faith    .     (no shield)
rPois  ∞         Spirit   .     (no helmet)
rElec  .         Dismiss  .     (no cloak)
rCorr  .         Reflect  .     (no gloves)
SustAt .         Harm     .     (no boots)
MR     .....                    (no amulet)
Stlth  +.........               (no ring)
                                (no ring)

@: very slightly contaminated, not resistant to hostile enchantments, very
unstealthy
A: no food or potions, fire vulnerability, cold resistance 1, negative energy
resistance 3, torment resistance, unbreathing
a: no special abilities


You were on level 1 of the Dungeon.
You were not hungry.

You visited 1 branch of the dungeon, and saw 2 of its levels.

You collected 52 gold pieces.

Inventory:

Hand Weapons
 g - a +1 dagger of venom (weapon)
Armour
 a - a +0 robe
 f - a +0 ring mail
 i - a +1 leather armour of poison resistance (worn)
Jewellery
 h - an uncursed ring of protection from cold {unknown}
 j - an uncursed ring of wizardry {unknown}
Scrolls
 c - 2 scrolls of noise
 e - 2 scrolls of identify {unknown}
Books
 b - a book of Flames

   Spells                             Type                      Level
   a - Flame Tongue                   Conjuration/Fire             1
   b - Throw Flame                    Conjuration/Fire             2
   c - Conjure Flame                  Conjuration/Fire             3
   d - Inner Flame                    Hexes/Fire                   3
   e - Sticky Flame                   Conjuration/Fire             4
   f - Fireball                       Conjuration/Fire             5


   Skills:
 - Level 1.5 Dodging
 - Level 1.5 Stealth
 * Level 3.4 Spellcasting
 + Level 1.7 Conjurations
 + Level 3.1 Fire Magic


You had 3 spell levels left.
You knew the following spells:

 Your Spells              Type           Power        Failure   Level  Hunger
a - Flame Tongue          Conj/Fire      #....        12%         1    N/A
c - Conjure Flame         Conj/Fire      #.......     30%         3    N/A
d - Throw Flame           Conj/Fire      #.....       17%         2    N/A

Dungeon Overview and Level Annotations

Branches:
Dungeon (2/15)

Altars:

Annotations:
D:2 Crazy Yiuf


Innate Abilities, Weirdness & Mutations

You do not eat or drink.
Your flesh is vulnerable to fire.
You are immune to poison.
Your flesh is cold resistant.
You are immune to negative energy.
You are immune to unholy pain and torment.
You can survive without breathing.


Message History

You closely miss the gnoll.
The gnoll is heavily wounded.
The gnoll hits you.
* * * LOW HITPOINT WARNING * * *
Read which item? (? for menu, Esc to quit)
As you read the scroll labeled QEBYFF ONOIPN, it crumbles to dust.
You hear a loud clanging noise!
It was a scroll of noise.
The gnoll hits you but does no damage. The gnoll hits you.
* * * LOW HITPOINT WARNING * * *
Sorry, you're not good enough to have a special ability.
Unknown command.
Unknown command.
That item cannot be evoked!
You aren't carrying any items that you can evoke.
Read which item? (? for menu, Esc to quit)
As you read the scroll labeled GUIRIQ CIYLED, it crumbles to dust.
You feel blessed for a moment.
It was a scroll of remove curse.
The gnoll hits you with a club!
You die...

######.####.)...######
#.#.......##
#.#.###...###
#...#.....#.#
#####.#...#.####
#.##..#....#
#.......##.# ####
############.# ...#
#....g@g...#.# ##.#
#.########.#.# ...#
#.....# #...# ####
#####.# ##### #...#
#.### #...#
###############.#####
....<....(+w.)#.....#


You could see 2 gnolls.

Vanquished Creatures
  Jessica (D:2)
  Ijyb (D:2)
  An adder (D:2)
  An ooze (D:1)
  2 dart slugs (D:1)
  3 ball pythons
  2 giant cockroaches
  9 goblins
  3 hobgoblins
  3 jackals (D:1)
  3 kobolds (D:1)
  5 bats (D:1)
  2 giant newts (D:1)
  2 rats (D:1)
38 creatures vanquished.

Notes
Turn   | Place    | Note
--------------------------------------------------------------
     0 | D:1      | vev the Mummy Fire Elementalist began the quest for the Orb.
     0 | D:1      | Reached XP level 1. HP: 13/13 MP: 3/3
   224 | D:1      | Reached XP level 2. HP: 13/19 MP: 1/5
   269 | D:1      | Reached skill level 1 in Conjurations
   384 | D:1      | Learned a level 2 spell: Throw Flame
   965 | D:1      | Reached XP level 3. HP: 24/24 MP: 1/7
  1454 | D:2      | Learned a level 3 spell: Conjure Flame
  1513 | D:2      | Noticed Jessica
  1517 | D:2      | Killed Jessica
  1517 | D:2      | Reached XP level 4. HP: 30/30 MP: 2/8
  1522 | D:2      | Noticed Ijyb
  1685 | D:2      | Killed Ijyb
  1852 | D:2      | Noticed Crazy Yiuf
  1992 | D:1      | Slain by a gnoll

Vault maps used:
D:1:      evilmike_arrival_run_for_it
D:2:      first_bread, minmay_rats_cheesy_pizza, uniq_iyjb,
          uniq_crazy_yiuf_cottage, uniq_jessica

Skill      XL: |  1  2  3 |
---------------+----------+-----
Conjurations   | 1 |  1.7
Spellcasting   | 3 |  3.4
Fire Magic     | 3 |  3.1
Dodging        | |  1.5
Stealth        | |  1.5

Action                   |  1- 3 |  4- 6 || total
-------------------------+-------+-------++-------
Melee: Dagger            |    55 |    12 ||    67
 Cast: Flame Tongue      |    35 |    14 ||    49
       Throw Flame       |     8 |     3 ||    11
       Conjure Flame     |     1 |     3 ||     4
  Use: Scroll            |       |     2 ||     2
 Stab: Sleeping          |     2 |       ||     2
Armor: Robe              |    10 |     2 ||    12
       Leather armour    |       |     2 ||     2
Dodge: Dodged            |    40 |    11 ||    51
